 Dungeon Crawl Stone Soup version 0.22-a0-782-g038298e (webtiles) character file.

122914 Mgcat the Brawler (level 16, 0/136 HPs)
             Began as a Centaur Berserker on July 20, 2018.
             Was a High Priest of Trog.
             Succumbed to a naga's splash of poison
             ... on level 1 of the Snake Pit.
             The game lasted 01:32:33 (26697 turns).

Mgcat the Brawler (Centaur Berserker)              Turns: 26697, Time: 01:32:33

Health: 0/136      AC: 32    Str: 25    XL:     16   Next: 35%
Magic:  16/16      EV:  3    Int: 10    God:    Trog [*****.]
Gold:   915        SH:  0    Dex: 14    Spells: 15/15 levels left

rFire    . . .     SeeInvis .     - Unarmed
rCold    . . .     Gourm    .   (no shield)
rNeg     . . .     Faith    .   u - +7 plate armour {ponderous}
rPois    .         Spirit   .   w - +2 helmet
rElec    .         Reflect  .   c - +2 cloak
rCorr    +         Harm     .   (no gloves)
MR       ++...                  v - +2 centaur barding
Stlth    ..........             (no amulet)
HPRegen  0.32/turn              K - ring "Temnun" {rCorr Dex+4 Slay+3}
MPRegen  0.15/turn              J - ring "Kugo" {+Fly MR+ Int+3}

@: lethally poisoned (0 -> -46), about to teleport, berserk cooldown, very
slightly contaminated, slowed, constricted, slow
A: large, hooves 3, deformed body, speed 2, tough skin 3
a: Berserk, Trog's Hand, Brothers in Arms, Renounce Religion, Evoke Flight


You were on level 1 of the Snake Pit.
You worshipped Trog.
Trog was extremely pleased with you.
You were full.

You visited 4 branches of the dungeon, and saw 24 of its levels.
You also visited: Ossuary, Bailey and Ice Cave.

You collected 2636 gold pieces.
You spent 1721 gold pieces at shops.

Inventory:

Hand Weapons
 a - a +2 longbow of flaming
   (Trog gifted it to you on level 12 of the Dungeon)
Missiles
 f - 546 arrows
Armour
 c - a +2 cloak (worn)
   (You took it off Crazy Yiuf on level 6 of the Dungeon)
 u - a +7 plate armour of ponderousness (worn)
   (You bought it in a shop on level 2 of the Orcish Mines)
 v - a +2 centaur barding (worn)
   (You found it on level 11 of the Dungeon)
 w - a +2 helmet (worn)
   (You found it on level 3 of the Dungeon)
Jewellery
 i - an uncursed amulet of faith {Faith, !P}
   (You found it on level 1 of the Snake Pit)
 C - an uncursed ring of protection from cold {rC+, !d}
   (You found it on level 13 of the Dungeon)
 J - the ring "Kugo" (right hand) {+Fly MR+ Int+3}
   (You found it on level 6 of the Lair of Beasts)

   [ring of flight]

   It affects your intelligence (+3).
   It affects your resistance to hostile enchantments.
   It lets you fly.
 K - the ring "Temnun" (left hand) {rCorr Dex+4 Slay+3}
   (You found it on level 6 of the Lair of Beasts)

   [ring of resist corrosion]

   It affects your dexterity (+4).
   It affects your accuracy and damage with ranged weapons and melee attacks
   (+3).
Wands
 g - a wand of digging (13)
   (You found it on level 15 of the Dungeon)
 k - a wand of scattershot (3)
   (You took it off Fannar on level 12 of the Dungeon)
 n - a wand of clouds (3)
   (You found it on level 12 of the Dungeon)
 o - a wand of iceblast (14)
   (You found it on level 2 of the Lair of Beasts)
 E - a wand of polymorph (13)
   (You found it on level 4 of the Lair of Beasts)
Scrolls
 d - 12 scrolls of remove curse
 m - a scroll of fear
 t - 4 scrolls of magic mapping {!r}
 y - 3 scrolls of teleportation
 B - 12 scrolls of identify
 G - a scroll of blinking {!r}
 H - 2 scrolls of fog
Potions
 e - 6 potions of lignification {!q}
 h - a potion of ambrosia
 j - 3 potions of brilliance
 l - 2 potions of berserk rage {unknown}
 p - 11 potions of flight
 q - 3 potions of agility {unknown}
 r - 7 potions of mutation {!q}
 s - 3 potions of heal wounds
 x - 9 potions of curing
 z - 2 potions of resistance
 A - a potion of magic {unknown}
 D - 7 potions of might
Miscellaneous
 L - a fan of gales
   (You found it on level 6 of the Lair of Beasts)
Comestibles
 b - 22 rations


   Skills:
 + Level 10.9 Fighting
   Level 6.0 Slings
 + Level 15.0 Bows
 + Level 8.0 Armour
 + Level 7.1 Dodging
 * Level 18.9 Unarmed Combat


You had 15 spell levels left.
You didn't know any spells.
Your spell library contained the following spells:

 Spells                   Type           Power        Failure   Level  Hunger
 Cause Fear               Hex            #.........   100%        4    #####..
 Magic Dart               Conj           #...         99%         1    ##.....
 Conjure Flame            Conj/Fire      #.......     100%        3    ####...
 Slow                     Hex            #.......     100%        2    ###....
 Throw Flame              Conj/Fire      #.....       100%        2    ###....
 Freezing Cloud           Conj/Ice/Air   #.........   100%        6    #######
 Mephitic Cloud           Conj/Pois/Air  #.......     100%        3    ####...
 Ring of Flames           Chrm/Fire      #.........   100%        7    #######
 Bolt of Draining         Conj/Necr      #.........   100%        5    ######.
 Regeneration             Chrm/Necr      #.........   100%        3    ####...
 Spider Form              Tmut/Pois      #.........   100%        3    ####...
 Blade Hands              Tmut           #.........   100%        5    ######.
 Ice Form                 Ice/Tmut       #.......     100%        4    #####..
 Sticks to Snakes         Tmut           #.......     100%        2    ###....
 Static Discharge         Conj/Air       #.......     100%        3    ####...
 Corona                   Hex            #......      99%         1    ##.....
 Sandblast                Erth           #.....       99%         1    ##.....
 Portal Projectile        Hex/Tloc       #.....       100%        3    ####...
 Leda's Liquefaction      Hex/Erth       #.........   100%        4    #####..
 Shroud of Golubria       Chrm/Tloc      #.........   100%        2    ###....
 Inner Flame              Hex/Fire       #.......     100%        3    ####...
 Beastly Appendage        Tmut           #.....       99%         1    ##.....
 Infusion                 Chrm           #...         99%         1    ##.....
 Song of Slaying          Chrm           #.......     100%        2    ###....
 Spectral Weapon          Hex/Chrm       #.......     100%        3    ####...
 Poisonous Vapours        Pois/Air       #.....       100%        2    ###....


Dungeon Overview and Level Annotations

Branches:
Dungeon (15/15)            Temple (0/1) D:7            Lair (6/6) D:8
 Shoals (0/4) Lair:3        Snake (1/4) Lair:4        Slime (0/5) Lair:5
    Orc (2/2) D:11            Elf (0/3) Orc:2        Vaults (0/5) D:14
 Depths (0/5) D:15

Altars:
Elyvilon
Kikubaaqudgha
Nemelex Xobeh
Okawaru
Ru
Xom
The Shining One
Beogh

Shops:
D:9 !   D:10 ?   D:11 [   D:13 *   D:14 %   Orc:2 %%[}

Portals:
Pandemonium: Orc:2

Annotations:
D:5 1 runed door, feelmyfire's ghost, novice DgTm
D:10 2 transporters, ThisFiasco's ghost, journeyman GnGl
D:11 2 runed doors, Ijustatesigmund's ghost, journeyman OpFi


Innate Abilities, Weirdness & Mutations

You have hooves in place of feet.
Armour fits poorly on your strangely shaped body.
You cover ground very quickly.
You have extremely tough skin. (AC +3)


Message History

You feel a strong urge to attack something.
* * * LOW HITPOINT WARNING * * *
You feel very sick.
You see here 2 arrows.
You punch the anaconda! Your kick misses the anaconda.
The anaconda is lightly wounded.
* * * LOW HITPOINT WARNING * * *
You feel sick. The anaconda grabs you. The anaconda bites you.
* * * LOW HITPOINT WARNING * * *
The anaconda constricts you.
The guardian serpent casts a spell.
The naga blinks into view!
The black mamba blinks into view!
The naga spits poison at you. The splash of poison misses you.
You pummel the black mamba!!
You kill the black mamba!
Trog accepts your kill.
* * * LOW HITPOINT WARNING * * *
You feel sick.
You hear a shout!
The anaconda bites you but does no damage.
The anaconda constricts you.
You escape the anaconda's grasp. 2 nagas and a naga mage come into view.
The naga mage is wielding an antimagic spear.
* * * LOW HITPOINT WARNING * * *
You feel sick.
The naga mage shouts!
The naga shouts!
You see here a black mamba corpse.
You pummel the naga!!
You kill the naga!
Trog accepts your kill.
* * * LOW HITPOINT WARNING * * *
You feel sick.
The naga mage points at you and mumbles some strange words.
The bolt of poison misses you.
You miss the anaconda.
The anaconda is lightly wounded.
* * * LOW HITPOINT WARNING * * *
You feel sick. The anaconda grabs you.
The anaconda bites you but does no damage.
The anaconda constricts you.
You hit the anaconda. Your kick misses the anaconda.
The anaconda is moderately wounded.
* * * LOW HITPOINT WARNING * * *
You feel sick. The anaconda bites you.
* * * LOW HITPOINT WARNING * * *
The anaconda constricts you. The naga mage spits poison at you.
The splash of poison hits you!
You are more poisoned.
You hit the anaconda.
The anaconda is moderately wounded.
* * * LOW HITPOINT WARNING * * *
You feel very sick.
The anaconda bites you but does no damage.
The anaconda constricts you.
You completely miss the anaconda. Your kick misses the anaconda.
The anaconda is moderately wounded.
* * * LOW HITPOINT WARNING * * *
You feel sick.
You miss the anaconda. You kick the anaconda! Your punch misses the anaconda.
The anaconda is heavily wounded.
* * * LOW HITPOINT WARNING * * *
You feel sick.
The anaconda bites you but does no damage.
The anaconda constricts you. The naga spits poison at you.
The splash of poison hits you!
You are more poisoned.
You squash the anaconda like an ant!!!
You kill the anaconda!
Trog accepts your kill.
Your Bows skill increases to level 15!
You are no longer berserk.
You are exhausted.
You feel yourself slow down.
* * * LOW HITPOINT WARNING * * *
You feel sick.
You hear an angry hiss.
Okay, then.
Unknown command.
Really read
G - 2 scrolls of blinking {!r}?
Blink to where?
Press: ? - help, Dir - move target cursor You are very lightly contaminated with residual magic.
As you read the scroll of blinking {!r}, it crumbles to dust.
* * * LOW HITPOINT WARNING * * *
You feel very sick. The naga spits poison at you.
The splash of poison hits you!
You are more poisoned.
The guardian serpent weaves intricate patterns with the tip of its tongue.
The naga blinks!
The naga mage blinks!
The naga blinks!
The anaconda blinks into view!
A naga mage comes into view.
The naga barely misses you. The naga grabs you. The naga constricts you.
As you read the scroll of teleportation, it crumbles to dust.
You feel strangely unstable.
You die...

##### #(.(# #.$.## .##...
#NN..##N. ........##@N....#
... #........>..#.##NS....##
.. #.............##.......##.
......##...#..##.##.§$§..#
......#..#.##..####.§....##
................##.#......##..
........##.#......#.##..?...#
#............#..N.###S.....#
####)##.#.....##...##)#......#


You could see an anaconda, a guardian serpent, 2 naga magi and 3 nagas.

Vanquished Creatures
  Rupert (D:14)
  A frost giant (IceCv)
  A dire elephant (Lair:6)
  An ettin (D:15)
  3 hydras
  A naga warrior (Snake:1)
  Fannar (D:12)
  An anaconda (Snake:1)
  A merfolk avatar (Lair:6)
  A catoblepas (Lair:4)
  A centaur warrior (D:14)
  Erica (D:9)
  An ogre mage (D:15)
  5 death yaks
  4 two-headed ogres
  9 orc high priests
  Urug (D:13)
  A sun demon (Orc:2)
  11 skeletal warriors
  5 unseen horrors
  A deep troll (D:15)
  An infernal demonspawn (Orc:2)
  A gelid demonspawn (Orc:2)
  A harpy (Lair:5)
  A wizard (D:14)
  7 orc knights
  A necromancer (Lair:5)
  4 oklob plants (Lair:6)
  4 manticores
  A deep elf mage (D:15)
  A mana viper (D:13)
  A cyclops (D:12)
  5 orc sorcerers
  A centaur zombie (D:12)
  6 ugly things (D:14)
  4 black mambas
  An elephant (Lair:6)
  2 guardian serpents
  3 naga magi (D:13)
  Psyche (D:9)
  A gargoyle (D:11)
  An ice statue (IceCv)
  2 torpor snails (Lair:6)
  9 spiny frogs
  7 rime drakes
  A kobold demonologist (D:10)
  7 komodo dragons
  4 trolls
  3 meliai (D:15)
  3 tengu conjurers
  18 polar bears
  4 hornets
  8 slime creatures
  2 dream sheep (Lair:6)
  8 hippogriffs
  7 blink frogs
  7 spriggans
  A ynoxinul (Orc:2)
  13 humans
  4 wyverns
  A chaos spawn (Orc:2)
  47 yaks
  2 hungry ghosts
  3 basilisks
  5 vampire mosquitoes
  5 wargs
  2 soldier ants
  3 nagas
  2 acid dragons (D:11)
  10 water moccasins
  8 porcupines
  3 ice beasts
  47 orc warriors
  3 sky beasts
  3 slaves (D:7)
  4 phantoms
  3 necrophages
  9 ogres
  An eye of draining (D:11)
  18 wolves
  7 centaurs
  11 crocodiles
  15 big kobolds
  8 bullfrogs
  A wyvern skeleton (D:12)
  6 scorpions
  11 killer bees
  4 howler monkeys
  10 wights
  A vampire bat (D:4)
  6 crimson imps
  A quasit (D:10)
  Crazy Yiuf (D:6)
  3 bullfrog zombies
  5 centaur skeletons
  5 jellies
  36 orc priests
  4 hounds
  2 bullfrog skeletons
  3 iguanas
  30 orc wizards
  10 worker ants
  4 yak simulacra (Lair:5)
  3 polar bear simulacra (Lair:5)
  A wolf simulacrum (Lair:5)
  A centaur simulacrum (D:11)
  2 hound zombies
  3 mummies (Ossuary)
  A howler monkey skeleton (D:5)
  9 adders
  4 gnolls
  3 shadow imps
  12 white imps (Lair:2)
  An ooze (D:5)
  4 adder zombies
  7 worms
  3 dart slugs
  8 leopard geckos
  100 orcs
  3 bat skeletons (D:4)
  2 bat zombies (D:4)
  11 giant cockroaches
  13 goblins
  15 hobgoblins
  4 jackals (D:10)
  5 quokkas
  3 ball pythons
  7 bats
  5 frilled lizards
  A gnoll zombie (Ossuary)
  2 goblin zombies (Ossuary)
  3 hobgoblin zombies (Ossuary)
  29 kobolds
  3 kobold zombies (Ossuary)
  2 leopard gecko skeletons
  An orc zombie (Ossuary)
  3 quokka zombies
  5 rats
  3 rat zombies (Ossuary)
  3 river rat simulacra (Lair:5)
  A fungus (Lair:6)
  4 plants
861 creatures vanquished.

Vanquished Creatures (collateral kills)
  Aizul (Snake:1)
  A wizard (D:14)
  A komodo dragon (Lair:4)
  3 humans (D:14)
6 creatures vanquished.

Vanquished Creatures (others)
  A bush (Lair:6)
  9 fungi
  26 plants
36 creatures vanquished.

Grand Total: 903 creatures vanquished

Notes
Turn   | Place    | Note
-------+----------+-------------------------------------------
     0 | D:1      | Mgcat the Centaur Berserker began the quest for the Orb.
     0 | D:1      | Reached XP level 1. HP: 19/19 MP: 1/1
   512 | D:1      | Reached XP level 2. HP: 20/26 MP: 2/2
  1082 | D:1      | You fall through a shaft!
  1086 | D:2      | Reached skill level 2 in Armour
  1086 | D:2      | Reached skill level 2 in Dodging
  1091 | D:2      | Reached XP level 3. HP: 25/31 MP: 3/3
  1172 | D:2      | Reached ** piety under Trog
  1532 | D:2      | Reached skill level 4 in Unarmed Combat
  1532 | D:2      | Reached XP level 4. HP: 38/38 MP: 4/4
  1972 | D:3      | Reached skill level 5 in Unarmed Combat
  2093 | D:3      | HP: 14/57 [poisoned by an adder]
  2095 | D:3      | Reached XP level 5. HP: 16/45 MP: 5/5
  2098 | D:3      | HP: 14/67 [poisoned by an adder]
  2104 | D:3      | HP: 8/45 [poisoned by an adder]
  2111 | D:3      | HP: 6/45 [poisoned by an adder]
  2116 | D:3      | HP: 5/45 [poisoned by an adder]
  2124 | D:3      | HP: 4/45 [poisoned by an adder]
  3061 | D:3      | Found a faded altar of an unknown god.
  3277 | D:4      | Reached skill level 6 in Unarmed Combat
  3277 | D:4      | Noticed a phantom
  3302 | D:4      | Killed a phantom
  3302 | D:4      | Reached XP level 6. HP: 50/51 MP: 6/6
  3435 | D:4      | Reached *** piety under Trog
  3504 | D:4      | Found an ancient bone altar of Kikubaaqudgha.
  4025 | D:5      | Entered Level 5 of the Dungeon
  4040 | D:5      | Found a runed door.
  4045 | D:5      | Got an ichor-stained scale mail
  4056 | D:5      | Identified the +2 scale mail of the Cuttlefish {Regen+ Int+4} (You found it on level 5 of the Dungeon)
  4502 | D:5      | Reached XP level 7. HP: 39/57 MP: 7/7
  4525 | D:5      | Reached skill level 7 in Unarmed Combat
  4725 | D:5      | Reached skill level 3 in Armour
  4809 | D:5      | Reached skill level 3 in Dodging
  4926 | D:5      | Noticed feelmyfire's ghost (novice DgTm)
  5149 | D:5      | Got a twisted hand axe
  5150 | D:5      | Identified the cursed +2 hand axe "Udeas" {chop, +Fly rN++ Stlth+} (You found it on level 5 of the Dungeon)
  5167 | D:5      | Found a sparkling altar of Nemelex Xobeh.
  5382 | D:6      | Reached skill level 8 in Unarmed Combat
  5402 | D:6      | Found a shimmering altar of Xom.
  5406 | D:6      | Found an iron altar of Okawaru.
  5466 | D:6      | Reached XP level 8. HP: 63/63 MP: 8/8
  5675 | D:6      | Found a sand-covered staircase.
  5680 | Ossuary  | Entered an ossuary
  5781 | Ossuary  | Reached **** piety under Trog
  5812 | Ossuary  | Reached skill level 9 in Unarmed Combat
  6029 | D:6      | Found a runed door.
  6346 | D:6      | Noticed Crazy Yiuf
  6355 | D:6      | Killed Crazy Yiuf
  6747 | D:7      | Reached skill level 10 in Unarmed Combat
  6784 | D:7      | Got a transparent leather armour
  7014 | D:7      | Found a staircase to the Ecumenical Temple.
  7142 | D:7      | Found a glowing golden altar of the Shining One.
  7176 | D:7      | Reached skill level 1 in Slings
  7176 | D:7      | Reached XP level 9. HP: 66/69 MP: 9/9
  7590 | D:8      | Reached skill level 2 in Slings
  7590 | D:8      | Reached skill level 11 in Unarmed Combat
  7595 | D:8      | Reached ***** piety under Trog
  7599 | D:8      | Found a staircase to the Lair.
  7600 | D:8      | Noticed a komodo dragon
  8170 | D:8      | Killed a komodo dragon
  8170 | D:8      | Reached skill level 3 in Slings
  8328 | D:9      | Found a sparkling altar of Nemelex Xobeh.
  8412 | D:9      | Reached skill level 4 in Slings
  8438 | D:9      | Found Wautal's Distillery.
  8478 | D:9      | Noticed Erica
  8489 | D:9      | Killed Erica
  8489 | D:9      | Reached skill level 6 in Slings
  8489 | D:9      | Reached skill level 12 in Unarmed Combat
  8496 | D:9      | Noticed Psyche
  8539 | D:9      | Killed Psyche
  8539 | D:9      | Reached XP level 10. HP: 65/77 MP: 10/10
  9064 | D:10     | Entered Level 10 of the Dungeon
  9139 | D:10     | Found a transporter.
  9142 | D:10     | Noticed ThisFiasco's ghost (journeyman GnGl)
  9143 | D:10     | Noticed a two-headed ogre
  9143 | D:10     | Noticed a two-headed ogre
  9144 | D:10     | Found a transporter.
  9304 | D:10     | Noticed a soul eater
  9337 | D:10     | Reached skill level 13 in Unarmed Combat
  9482 | D:10     | Found a sacrificial altar of Ru.
  9551 | D:10     | Noticed a manticore
  9560 | D:10     | Killed a manticore
  9645 | D:10     | Found Qofuwal's Magic Scroll Shop.
 10069 | D:11     | Received a gift from Trog
 10081 | D:11     | Reached skill level 14 in Unarmed Combat
 10088 | D:11     | Reached skill level 4 in Fighting
 10110 | D:11     | Found Maitux's Armour Boutique.
 10205 | D:11     | Reached skill level 1 in Bows
 10219 | D:11     | Noticed a gargoyle
 10226 | D:11     | Reached skill level 2 in Bows
 10231 | D:11     | Killed a gargoyle
 10231 | D:11     | Reached skill level 3 in Bows
 10237 | D:11     | Reached skill level 5 in Fighting
 10250 | D:11     | Reached skill level 4 in Bows
 10351 | D:11     | Reached XP level 11. HP: 86/86 MP: 11/11
 10431 | D:11     | Found a staircase to the Orcish Mines.
 10549 | D:11     | Reached skill level 4 in Armour
 10661 | D:11     | Found a runed door.
 10664 | D:11     | Noticed a necromancer
 10664 | D:11     | Noticed a frost giant
 10665 | D:11     | Noticed a lich
 10666 | D:11     | Noticed Ijustatesigmund's ghost (journeyman OpFi)
 10666 | D:11     | Noticed an anaconda
 10666 | D:11     | a water nymph changed into an anaconda
 10666 | D:11     | Noticed a skeletal warrior
 10667 | D:11     | Noticed a shining eye
 10667 | D:11     | an anaconda changed into a shining eye
 10668 | D:11     | Found a runed door.
 10676 | D:11     | Noticed a death drake
 10689 | D:11     | Noticed a sea snake
 10689 | D:11     | a death drake changed into a sea snake
 10692 | D:11     | a sea snake changed into a moth of wrath
 10698 | D:11     | Noticed a glowing shapeshifter
 10698 | D:11     | a moth of wrath changed into a glowing shapeshifter
 10699 | D:11     | Received a gift from Trog
 10701 | D:11     | Noticed a lindwurm
 10703 | D:11     | Noticed a deep troll
 10703 | D:11     | a lindwurm changed into a deep troll
 10704 | D:11     | a deep troll changed into a redback
 10706 | D:11     | Noticed a sea snake
 10706 | D:11     | a redback changed into a sea snake
 10709 | D:11     | Noticed a wolf spider
 10709 | D:11     | a sea snake changed into a wolf spider
 10711 | D:11     | a wolf spider changed into a torpor snail
 10725 | D:11     | Reached skill level 5 in Armour
 11095 | D:11     | Killed an unseen horror
 11095 | D:11     | Reached skill level 4 in Dodging
 11191 | D:11     | Noticed an azure jelly
 11284 | Lair:1   | Entered Level 1 of the Lair of Beasts
 11368 | Lair:1   | Noticed a four-headed hydra
 11381 | Lair:1   | Killed a four-headed hydra
 11381 | Lair:1   | Reached skill level 5 in Dodging
 12596 | Lair:2   | Found a frozen archway.
 12627 | IceCv    | Entered an ice cave
 12638 | IceCv    | Received a gift from Trog
 12725 | IceCv    | Reached skill level 5 in Bows
 12728 | IceCv    | Reached skill level 6 in Fighting
 12750 | IceCv    | Reached XP level 12. HP: 57/96 MP: 12/12
 12997 | IceCv    | Received a gift from Trog
 12997 | IceCv    | Reached skill level 6 in Armour
 13076 | IceCv    | Noticed a frost giant
 13093 | IceCv    | Killed a frost giant
 13097 | IceCv    | Reached skill level 7 in Fighting
 13100 | IceCv    | Reached skill level 6 in Bows
 13177 | IceCv    | Found the +8 Wrath of Trog {antimagic, *Rage}
 14426 | Lair:3   | Found a staircase to the Shoals.
 14676 | Lair:4   | Reached skill level 6 in Dodging
 14699 | Lair:4   | Noticed a death yak
 14712 | Lair:4   | Killed a death yak
 14750 | Lair:4   | Noticed a death yak
 14759 | Lair:4   | Noticed a death yak
 14764 | Lair:4   | Noticed a death yak
 14767 | Lair:4   | Killed a death yak
 14779 | Lair:4   | Killed a death yak
 14779 | Lair:4   | Reached skill level 8 in Fighting
 14779 | Lair:4   | Reached skill level 15 in Unarmed Combat
 14782 | Lair:4   | Killed a death yak
 14782 | Lair:4   | Reached skill level 7 in Bows
 14782 | Lair:4   | Reached skill level 7 in Armour
 14841 | Lair:4   | Found a staircase to the Snake Pit.
 14896 | Lair:4   | Noticed a catoblepas
 14912 | Lair:4   | Killed a catoblepas
 14912 | Lair:4   | Reached XP level 13. HP: 101/107 MP: 13/13
 15547 | Lair:5   | Found a staircase to the Slime Pits.
 15583 | Lair:5   | Identified a scroll of acquirement
 15584 | Lair:5   | Got a pitted fustibalus
 15585 | Lair:5   | Identified the +6 fustibalus of Integrity {flame, rElec rPois Str+6 Int-5} (You acquired it on level 5 of the Lair of Beasts)
 16589 | D:9      | Bought a potion of experience for 650 gold pieces
 16589 | D:9      | Bought a potion of haste for 130 gold pieces
 16589 | D:9      | Bought a potion of might for 52 gold pieces
 16589 | D:9      | Bought a potion of might for 52 gold pieces
 16589 | D:9      | Reached skill level 11 in Bows
 16589 | D:9      | Reached XP level 14. HP: 116/116 MP: 14/14
 16727 | Lair:6   | Entered Level 6 of the Lair of Beasts
 16844 | Lair:6   | Paralysed by a hornet for 1 turns
 17167 | Lair:6   | Reached skill level 12 in Bows
 17169 | Lair:6   | Reached skill level 9 in Fighting
 17273 | Lair:6   | HP: 29/118 [komodo dragon (18)]
 17733 | Lair:6   | Received a gift from Trog
 17853 | Lair:6   | Reached skill level 16 in Unarmed Combat
 18232 | Lair:6   | Received a gift from Trog
 18321 | Lair:6   | Got a slimy bone ring
 18323 | Lair:6   | Identified the ring "Kugo" {+Fly MR+ Int+3} (You found it on level 6 of the Lair of Beasts)
 18519 | Lair:6   | Received a gift from Trog
 18871 | Lair:6   | Got a coiled steel ring
 18879 | Lair:6   | Identified the ring "Temnun" {rCorr Dex+4 Slay+3} (You found it on level 6 of the Lair of Beasts)
 19002 | Lair:6   | Found the +7 great mace "Undeadhunter" {disrupt, rN+}
 19024 | Lair:6   | Reached skill level 13 in Bows
 19401 | Orc:1    | Entered Level 1 of the Orcish Mines
 19418 | Orc:1    | Received a gift from Trog
 19418 | Orc:1    | Reached skill level 10 in Fighting
 19456 | Orc:1    | Found a flagged portal.
 19477 | Bailey   | Entered a bailey
 19977 | Orc:1    | Received a gift from Trog
 20443 | Orc:2    | Entered Level 2 of the Orcish Mines
 20443 | Orc:2    | Found a staircase to the Elven Halls.
 20460 | Orc:2    | Reached XP level 15. HP: 126/126 MP: 15/15
 20512 | Orc:2    | Received a gift from Trog
 20768 | Orc:2    | Received a gift from Trog
 20872 | Orc:2    | Found a roughly hewn altar of Beogh.
 21115 | Orc:2    | Found a roughly hewn altar of Beogh.
 21264 | Orc:2    | Reached skill level 17 in Unarmed Combat
 21266 | Orc:2    | Received a gift from Trog
 21269 | Orc:2    | Found Comoul's Food Boutique.
 21270 | Orc:2    | Found Zunaal's Food Shop.
 21320 | Orc:2    | HP: 30/126 [poisoned by an orc]
 21325 | Orc:2    | HP: 28/126 [poisoned by an orc]
 21330 | Orc:2    | HP: 28/126 [poisoned by an orc]
 21335 | Orc:2    | HP: 29/126 [poisoned by an orc]
 21341 | Orc:2    | HP: 29/126 [poisoned by an orc]
 21347 | Orc:2    | HP: 29/126 [poisoned by an orc]
 21352 | Orc:2    | HP: 30/126 [poisoned by an orc]
 21725 | Orc:2    | Reached skill level 14 in Bows
 22035 | Orc:2    | Found Eruog's Gadget Shoppe.
 22035 | Orc:2    | Found a one-way gate leading to the halls of Pandemonium.
 22035 | Orc:2    | Found Edatom's Antique Armour Emporium.
 22039 | Orc:2    | Bought a runed helmet for 187 gold pieces
 22039 | Orc:2    | Bought a glowing plate armour for 650 gold pieces
 22315 | D:12     | Reached skill level 18 in Unarmed Combat
 22468 | D:12     | Received a gift from Trog
 22541 | D:12     | Noticed Fannar
 22547 | D:12     | Killed Fannar
 22836 | D:13     | Paralysed by a hornet for 1 turns
 23382 | D:13     | Received a gift from Trog
 23593 | D:13     | Found Gazxoex's Serpentskin Sales.
 24107 | D:14     | Reached ****** piety under Trog
 24119 | D:14     | Received a gift from Trog
 24187 | D:14     | Received a gift from Trog
 24300 | D:14     | Noticed Rupert
 24318 | D:14     | Killed Rupert
 24319 | D:14     | Reached XP level 16. HP: 135/135 MP: 16/16
 24326 | D:14     | Noticed Urug
 24351 | D:13     | Killed Urug
 24953 | D:14     | Found a gate to the Vaults.
 25054 | D:14     | Identified Lee's Compendium of Grandeur
 25193 | D:14     | Found Finis's Food Boutique.
 25411 | D:15     | Entered Level 15 of the Dungeon
 25467 | D:15     | Reached skill level 7 in Dodging
 25820 | D:15     | Received a gift from Trog
 25862 | D:15     | Found a staircase to the Depths.
 25985 | D:15     | Found a white marble altar of Elyvilon.
 26128 | D:15     | Reached skill level 8 in Armour
 26542 | Snake:1  | Entered Level 1 of the Snake Pit
 26542 | Snake:1  | Noticed Aizul
 26549 | Snake:1  | Killed Aizul
 26683 | Snake:1  | HP: 49/204 [black mamba (9)]
 26688 | Snake:1  | HP: 33/204 [poisoned by a black mamba]
 26693 | Snake:1  | HP: 20/204 [poisoned by a naga mage (splash of poison)]
 26695 | Snake:1  | Reached skill level 15 in Bows
 26696 | Snake:1  | HP: 6/136 [poisoned by a naga (splash of poison)]
 26697 | Snake:1  | Succumbed to a naga's splash of poison

Vault maps used:
D:1:      dpeg_arrival_circle_labyrinth_c, roderic_roman_lattice,
          minmay_misc_feat_encased, minmay_misc_feat_four_crosses
D:3:      chequers_ecumenical_altar_simple_redux, first_ration
D:4:      kennysheep_vampire_church
D:5:      ebering_ghost_sewer_d, nemelex_dance_club_becter
D:6:      wad_pebble_path, grunt_temple_overflow_open,
          nicolae_ossuary_entry_plus, uniq_crazy_yiuf_cottage
D:7:      temple_doors_e, nicolae_tso_carved_into_rock, uniq_pikel
D:8:      david_lair_shrubbed
D:9:      nemelex_xobeh_ov_fountains_minmay, serial_shops, shop_fountains,
          uniq_psyche, uniq_erica
D:10:     minmay_distorted_concentric_squares, gammafunk_ghost_smash,
          serial_shops, shop, special_room, hangedman_decor_riveting,
          the_bakery, nicolae_ru_the_path_less_chosen
D:11:     david_orc_2, muffindrake_ghost_dual_entry, serial_shops,
          nicolae_shop_crystal, serial_ice, serial_ice_l, serial_ice_o,
          serial_ice_d, serial_ice_e
D:12:     uniq_fannar
D:13:     guppyfry_shop_venom
D:14:     cheibrodos_orc_bank, david_vaults_3, serial_shops,
          kennysheep_mini_moat, bh_walls_and_bars, serial_corexii_hall,
          corexii_hall_statues_l, corexii_hall_statues_s
D:15:     hangedman_depths_entry_civil_slaughter, serial_park_gazebo,
          minmay_misc_feat_secret_circle, grunt_ministairs_4
Lair:2:   portal_ice_cave_entry_imps, wad_woods_01
Lair:3:   shoals_dummy_entry
Lair:4:   dummy_snake_entry
Lair:5:   minmay_slime_entry_pillars, eino_house_with_fridge
Lair:6:   gammafunk_lair_ancient_temple, lemuel_fruit_tree,
          minmay_lair_oklob_chamber
Snake:1:  serial_bayou_pond_d, hangedman_snake_corridor_cut, uniq_aizul
Orc:1:    enter_bailey_2, nicolae_orc_tapped_out
Orc:2:    pf_orc_diabolical, basic_altar, minmay_orc_temple_a
Ossuary:  ossuary_minmay_chase
Bailey:   bailey_axe_4, bailey
IceCv:    ice_cave_small_giant

Skill      XL: |  1  2  3  4  5  6  7  8  9 10 11 12 13 14 15 16 |
---------------+-------------------------------------------------+-----
Armour         | 2 3 5 7 8 |  8.0
Dodging        | 2 3 5 6 7 |  7.1
Unarmed Combat | 4 5 6 8 10 12 14 15 16 18 | 18.9
Slings         | 1 6 |  6.0
Fighting       | 5 6 8 10 | 10.9
Bows           | 4 5 7 11 13 14 15 | 15.0

Action                   |  1- 3 |  4- 6 |  7- 9 | 10-12 | 13-15 | 16-18 || total
-------------------------+-------+-------+-------+-------+-------+-------++-------
Melee: Unarmed           |   103 |   189 |   323 |   804 |  1052 |   142 ||  2613
       Kick              |    19 |    41 |    86 |   210 |   368 |    48 ||   772
       Punch             |       |       |       |    17 |    93 |     4 ||   114
 Fire: Hunting sling     |       |     9 |    37 |    49 |       |       ||    95
       Shortbow          |       |       |       |    17 |   268 |       ||   285
       Longbow           |       |       |       |       |    32 |    48 ||    80
Invok: Berserk           |     3 |     4 |    10 |    17 |    24 |     3 ||    61
       Trog's Hand       |       |     2 |     7 |    13 |    20 |     2 ||    44
       Brothers in Arms  |       |       |       |     1 |     2 |     3 ||     6
 Abil: Evoke Flight      |       |       |       |       |     5 |       ||     5
       Stop Flying       |       |       |       |       |     1 |       ||     1
Evoke: Wand              |       |       |     2 |       |       |     1 ||     3
  Use: Scroll            |       |    10 |    16 |     2 |     7 |     4 ||    39
       Potion            |       |       |     1 |     2 |     9 |     2 ||    14
  Eat: Chunk             |     3 |    11 |    24 |    27 |    47 |     5 ||   117
       Ration            |       |       |     1 |     3 |     3 |     4 ||    11
Armor: Animal skin       |    21 |       |       |       |       |       ||    21
       Ring mail         |     9 |    56 |       |       |       |       ||    65
       Scale mail        |       |    10 |   118 |   513 |   342 |       ||   983
       Plate armour      |       |       |       |       |   238 |   131 ||   369
Dodge: Dodged            |    39 |    37 |    43 |   192 |   302 |    32 ||   645
Block: Shield            |    11 |    54 |    81 |   196 |       |       ||   342

Table legend:
 A = Spawn XP
 B = Non-spawn XP
 C = Spawn XP percentage of total XP
 D = Spawn monster count
 E = Non-spawn monster count
 F = Spawn count percentage of total count
 G = Total turns spent on level
                    A         B        C        D         E        F      G
               +---------+---------+-------+---------+---------+-------+---------
         Total |       0 |  146748 |   0.0 |       0 |     859 |   0.0 | 26697
               +---------+---------+-------+---------+---------+-------+---------
           D:1 |       0 |      35 |   0.0 |       0 |      20 |   0.0 |  1161
           D:2 |       0 |      99 |   0.0 |       0 |      26 |   0.0 |  1150
           D:3 |       0 |     177 |   0.0 |       0 |      25 |   0.0 |   979
           D:4 |       0 |     286 |   0.0 |       0 |      18 |   0.0 |   753
           D:5 |       0 |     588 |   0.0 |       0 |      20 |   0.0 |  1285
           D:6 |       0 |     685 |   0.0 |       0 |      18 |   0.0 |   894
           D:7 |       0 |     976 |   0.0 |       0 |      27 |   0.0 |  1157
           D:8 |       0 |     701 |   0.0 |       0 |      12 |   0.0 |   880
           D:9 |       0 |    2080 |   0.0 |       0 |      16 |   0.0 |   866
          D:10 |       0 |    2764 |   0.0 |       0 |      31 |   0.0 |  1076
          D:11 |       0 |    8873 |   0.0 |       0 |      60 |   0.0 |  1261
          D:12 |       0 |    8301 |   0.0 |       0 |      43 |   0.0 |   802
          D:13 |       0 |   10382 |   0.0 |       0 |      42 |   0.0 |  1593
          D:14 |       0 |   17055 |   0.0 |       0 |      68 |   0.0 |   807
          D:15 |       0 |   10715 |   0.0 |       0 |      24 |   0.0 |   947
        Lair:1 |       0 |    1945 |   0.0 |       0 |       9 |   0.0 |  1048
        Lair:2 |       0 |    3698 |   0.0 |       0 |      30 |   0.0 |  1164
        Lair:3 |       0 |    2364 |   0.0 |       0 |      10 |   0.0 |   614
        Lair:4 |       0 |    8020 |   0.0 |       0 |      24 |   0.0 |   889
        Lair:5 |       0 |    5527 |   0.0 |       0 |      28 |   0.0 |  1531
        Lair:6 |       0 |   23413 |   0.0 |       0 |      73 |   0.0 |  2025
       Snake:1 |       0 |    4541 |   0.0 |       0 |       9 |   0.0 |   127
         Orc:1 |       0 |    3035 |   0.0 |       0 |      25 |   0.0 |   557
         Orc:2 |       0 |   20387 |   0.0 |       0 |     117 |   0.0 |  1691
       Ossuary |       0 |      88 |   0.0 |       0 |      21 |   0.0 |   192
        Bailey |       0 |     708 |   0.0 |       0 |      27 |   0.0 |   488
         IceCv |       0 |    9305 |   0.0 |       0 |      36 |   0.0 |   760
               +---------+---------+-------+---------+---------+-------+---------

Vault maps used:
D:1:      dpeg_arrival_circle_labyrinth_c, roderic_roman_lattice,
          minmay_misc_feat_encased, minmay_misc_feat_four_crosses
D:3:      chequers_ecumenical_altar_simple_redux, first_ration
D:4:      kennysheep_vampire_church
D:5:      ebering_ghost_sewer_d, nemelex_dance_club_becter
D:6:      wad_pebble_path, grunt_temple_overflow_open,
          nicolae_ossuary_entry_plus, uniq_crazy_yiuf_cottage
D:7:      temple_doors_e, nicolae_tso_carved_into_rock, uniq_pikel
D:8:      david_lair_shrubbed
D:9:      nemelex_xobeh_ov_fountains_minmay, serial_shops, shop_fountains,
          uniq_psyche, uniq_erica
D:10:     minmay_distorted_concentric_squares, gammafunk_ghost_smash,
          serial_shops, shop, special_room, hangedman_decor_riveting,
          the_bakery, nicolae_ru_the_path_less_chosen
D:11:     david_orc_2, muffindrake_ghost_dual_entry, serial_shops,
          nicolae_shop_crystal, serial_ice, serial_ice_l, serial_ice_o,
          serial_ice_d, serial_ice_e
D:12:     uniq_fannar
D:13:     guppyfry_shop_venom
D:14:     cheibrodos_orc_bank, david_vaults_3, serial_shops,
          kennysheep_mini_moat, bh_walls_and_bars, serial_corexii_hall,
          corexii_hall_statues_l, corexii_hall_statues_s
D:15:     hangedman_depths_entry_civil_slaughter, serial_park_gazebo,
          minmay_misc_feat_secret_circle, grunt_ministairs_4
Lair:2:   portal_ice_cave_entry_imps, wad_woods_01
Lair:3:   shoals_dummy_entry
Lair:4:   dummy_snake_entry
Lair:5:   minmay_slime_entry_pillars, eino_house_with_fridge
Lair:6:   gammafunk_lair_ancient_temple, lemuel_fruit_tree,
          minmay_lair_oklob_chamber
Snake:1:  serial_bayou_pond_d, hangedman_snake_corridor_cut, uniq_aizul
Orc:1:    enter_bailey_2, nicolae_orc_tapped_out
Orc:2:    pf_orc_diabolical, basic_altar, minmay_orc_temple_a
Ossuary:  ossuary_minmay_chase
Bailey:   bailey_axe_4, bailey
IceCv:    ice_cave_small_giant

Table legend:
 A = Turns spent in this place as a percentage of turns spent in the entire game.
 B = Non-inter-level travel turns spent in this place as a percentage of non-inter-level travel turns spent in the entire game.
 C = Inter-level travel turns spent in this place as a percentage of turns spent in this place.
 D = Turns resting spent in this place as a percentage of non-inter-level travel turns spent in this place.
 E = Turns spent auto-exploring this place as a percentage of non-inter-level travel turns spent in this place.
 F = Non-inter-level travel turns spent in this place divided by the number of levels of this place that you've seen.
                   A       B       C       D       E      F
               +-------+-------+-------+-------+-------+----------------------
         Total | 100.0 | 100.0 |   7.5 |   9.3 |  64.6 | 915.0
       Dungeon |  58.5 |  58.1 |   8.1 |   8.6 |  69.2 | 956.8
          Lair |  27.2 |  26.8 |   9.0 |   8.6 |  65.1 | 1103.0
     Snake Pit |   0.5 |   0.5 |   0.0 |   6.3 |  36.2 | 127.0
  Orcish Mines |   8.4 |   8.8 |   3.5 |  16.2 |  50.0 | 1084.5
       Ossuary |   0.7 |   0.8 |   0.0 |  18.8 |  32.3 | 192.0
        Bailey |   1.8 |   2.0 |   0.0 |   0.0 |  44.5 | 488.0
      Ice Cave |   2.8 |   3.1 |   0.0 |  14.5 |  41.3 | 760.0
               +-------+-------+-------+-------+-------+----------------------

Table legend:
 A = Kills in this place as a percentage of kills in entire the game.
 B = Kills by you in this place as a percentage of kills by you in the entire game.
 C = Kills by friends in this place as a percentage of kills by friends in the entire game.
 D = Other kills in this place as a percentage of other kills in the entire game.
 E = Experience gained in this place as a percentage of experience gained in the entire game.
 F = Experience gained in this place divided by the number of levels of this place that you have seen.
                   A       B       C       D       E      F
               +-------+-------+-------+-------+-------+----------------------
         Total | 100.0 | 100.0 | 100.0 |   N/A | 100.0 | 5435.1
       Dungeon |  52.4 |  52.3 |  66.7 |   N/A |  43.4 | 4247.8
          Lair |  20.3 |  20.3 |  16.7 |   N/A |  30.6 | 7494.5
     Snake Pit |   1.0 |   0.9 |  16.7 |   N/A |   3.1 | 4541.0
  Orcish Mines |  16.5 |  16.6 |   0.0 |   N/A |  16.0 | 11711.0
       Ossuary |   2.4 |   2.5 |   0.0 |   N/A |   0.1 |  88.0
        Bailey |   3.1 |   3.2 |   0.0 |   N/A |   0.5 | 708.0
      Ice Cave |   4.2 |   4.2 |   0.0 |   N/A |   6.3 | 9305.0
               +-------+-------+-------+-------+-------+----------------------
